cohdb
Replays
Latest Replays
All Replays
Popular Replays
Top Player Replays
Match Explorer
How It Works
Community
CoH3 Stats
Reddit
Sign in to upload your games and track your stats! →
Sign in with Steam
Match 42233607
Unlisted
Match 42233607
Overview
Messages
Build Orders
End
Construct Barracks
Engineer Squad
1⁄4-ton 4x4 Truck
Riflemen Squad
Riflemen Squad
Infantry Support Center
Riflemen Squad
Construct Medical Station
Construct Motor Pool
Engineer Squad
M8 Greyhound Armored Car
M1918 Browning Automatic Rifles
M24 Chaffee Light Tank
Grenade Package
M1 Anti-tank Gun Team
Advanced Logistics
Engineer Squad
Selects Airborne Battlegroup
Selects Recon Loiter
Selects Supply Drop
Selects Dual P-47 Rocket Strike
M1 Anti-tank Gun Team
Scout Squad
Selects Pathfinders
Recon Loiter
Dual P-47 Rocket Strike
Survival Training
Supply Drop
Recon Loiter
M1 Anti-tank Gun Team
Selects Paratrooper Squad Paradrop
Selects Anti-tank Gun Team Paradrop
Construct Tank Depot
Dual P-47 Rocket Strike
M1 Anti-tank Gun Team
Recon Loiter
M4(105) Sherman Bulldozer
M1 Anti-tank Gun Team
Recon Loiter
Supply Drop
Recon Loiter
Dual P-47 Rocket Strike
M18 Hellcat Tank Destroyer
M1 Anti-tank Gun Team
Recon Loiter
HulkSMASH
⚓️Ruby⚓
Symbiosis
*Mule
0
0
Comments
sign in to comment!
No comments posted yet!